 Dungeon Crawl Stone Soup version 0.17.1-3-g152610e (webtiles) character file.

1475 WarriorsX the Slasher (level 9, -3/63 HPs)
             Began as a Human Fighter on Feb 23, 2016.
             Was an Initiate of Nemelex Xobeh.
             Slain by a killer bee (6 damage)
             ... on level 7 of the Dungeon.
             The game lasted 00:25:52 (6382 turns).

WarriorsX the Slasher (Human Fighter)               Turns: 6382, Time: 00:25:55

Health: -3/63      AC: 14    Str: 19    XL:     9   Next: 6%
Magic:  10/10      EV:  6    Int:  9    God:    Nemelex Xobeh [......]
Gold:   320        SH: 10    Dex: 13    Spells: 0 memorised, 8 levels left

rFire  + + +     SeeInvis +     a - +0 long sword
rCold  x . .     Clarity  .     t - +2 chain mail of the Cockroach {-Cast +Inv rPois rF++}
rNeg   . . .     SustAt   .     c - +0 shield
rPois  +         Gourm    .     (no helmet)
rElec  .         Spirit   .     (no cloak)
rCorr  .         Warding  .     g - +1 pair of gloves
rMut   .         Stasis   +     (no boots)
MR     .....     NoCast   +     j - amulet of stasis
Stlth  ..........               n - ring of fire
                                l - ring of see invisible

@: lethally poisoned (-3 -> -15), not resistant to hostile enchantments,
extremely unstealthy
A: no striking features
a: Renounce Religion, Evoke Invisibility


You were on level 7 of the Dungeon.
You worshipped Nemelex Xobeh.
Nemelex Xobeh was noncommittal.
You were not hungry.

You visited 2 branches of the dungeon, and saw 8 of its levels.

You collected 320 gold pieces.

Inventory:

Hand Weapons
 a - a +0 long sword (weapon)
 x - a +4 quarterstaff of chaos
Armour
 b - a +0 scale mail
 c - a +0 shield (worn)
 g - a +1 pair of gloves (worn)
 t - the +2 chain mail of the Cockroach (worn) {-Cast +Inv rPois rF++}
   (You found it on level 6 of the Dungeon)

   It greatly protects you from fire.
   It protects you from poison.
   It lets you turn invisible.
   It prevents spellcasting.
 y - a +2 cloak
Jewellery
 j - an amulet of stasis (around neck)
 l - a ring of see invisible (left hand)
 n - a ring of fire (right hand)
Wands
 m - a wand of magic darts (33)
Scrolls
 p - a scroll of enchant armour
Potions
 d - 2 potions of might
 h - 2 potions of resistance
 k - 2 potions of mutation
 o - 2 potions of flight
Books
 s - a book of Spatial Translocations

   Spells                             Type                      Level
   a - Apportation                    Translocation                1
   b - Blink                          Translocation                2
   c - Shroud of Golubria             Charms/Translocation         2
   d - Portal Projectile              Translocation                3
   e - Teleport Other                 Translocation                3
   f - Passage of Golubria            Translocation                4
Miscellaneous
 q - a plain deck of war {drawn: 1}
Comestibles
 e - 3 bread rations
 f - 10 fruits
 i - 2 meat rations
 w - 2 beef jerkies


   Skills:
 - Level 3.0 Fighting
 + Level 7.7 Long Blades
 - Level 6.0 Armour
 - Level 2.0 Dodging
 - Level 5.1 Shields
 - Level 2.0 Evocations


You had 8 spell levels left.
You didn't know any spells.

Dungeon Overview and Level Annotations

Branches:
Dungeon (7/15)             Temple (1/1) D:5

Altars:
Ashenzari
Cheibriados
Dithmenos
Elyvilon
Fedhas
Gozag
Kikubaaqudgha
Makhleb
Nemelex Xobeh
Okawaru
Ru
Sif Muna
Trog
Vehumet
Xom
Yredelemnul
Zin
The Shining One

Annotations:
D:6 Sigmund


Message History

The killer bee stings you but does no damage.
You slash the killer bee!
The killer bee is almost dead.
You block the killer bee's attack. The killer bee stings you.
* * * LOW HITPOINT WARNING * * *
You are poisoned.
The killer bee poisons you!
You hit the killer bee.
You kill the killer bee!
You feel sick. The killer bee stings you.
* * * LOW HITPOINT WARNING * * *
You are lethally poisoned!
The killer bee poisons you!
You miss the killer bee.
* * * LOW HITPOINT WARNING * * *
You feel sick. The killer bee stings you.
* * * LOW HITPOINT WARNING * * *
The killer bee stings you.
You die...
Your body disappears without a glow.

+.......>'....#
###(......##....#
..........# ...#
.....<..### ..#
........# .#
........## #
.......yy#
.....###y# .....
#@# .... #.# ....
#.# ... #.#
######.# #......#
#.###### #.# #.#


You could see 3 killer bees.

Vanquished Creatures
  3 ice beasts (D:5)
  A sky beast (D:5)
  2 centaurs (D:6)
  A giant frog (D:6)
  2 killer bees (D:7)
  3 crimson imps
  2 hounds
  A giant frog zombie (D:6)
  3 iguanas
  2 orc wizards (D:3)
  Crazy Yiuf (D:6)
  3 orc priests
  2 centaur skeletons
  A giant frog skeleton (D:4)
  A worker ant (D:5)
  A hound skeleton (D:4)
  4 adders
  An ooze (D:6)
  2 worms (D:3)
  4 giant geckos
  5 orcs
  2 ball pythons
  8 bats
  7 giant cockroaches
  7 hobgoblins
  6 jackals
  5 kobolds
  6 quokkas
  A giant gecko skeleton (D:4)
  A giant newt (D:3)
  4 goblins
  A jackal skeleton (D:7)
  8 rats
101 creatures vanquished.

Vanquished Creatures (collateral kills)
  Prince Ribbit (D:6)
  A shadow imp (D:6)
2 creatures vanquished.

Grand Total: 103 creatures vanquished

Notes
Turn   | Place    | Note
--------------------------------------------------------------
     0 | D:1      | WarriorsX the Human Fighter began the quest for the Orb.
     0 | D:1      | Reached XP level 1. HP: 18/18 MP: 1/1
    85 | D:1      | Reached XP level 2. HP: 22/24 MP: 2/2
   956 | D:2      | Reached skill level 1 in Dodging
   956 | D:2      | Reached XP level 3. HP: 21/29 MP: 3/3
  1438 | D:2      | Reached XP level 4. HP: 35/35 MP: 4/4
  1865 | D:3      | Reached skill level 4 in Long Blades
  1865 | D:3      | Reached XP level 5. HP: 26/41 MP: 5/5
  1896 | D:3      | Reached skill level 5 in Long Blades
  1896 | D:3      | Reached XP level 6. HP: 20/47 MP: 6/6
  3132 | D:4      | Reached skill level 6 in Long Blades
  3699 | D:5      | Entered Level 5 of the Dungeon
  3753 | D:5      | Noticed a sky beast
  3771 | D:5      | Killed a sky beast
  3771 | D:5      | Reached XP level 7. HP: 33/52 MP: 7/7
  4032 | D:5      | Found a shimmering altar of Xom.
  4043 | D:5      | Found a shadowy altar of Dithmenos.
  4447 | D:5      | Found a bloodstained altar of Trog.
  4459 | D:5      | Noticed an ice beast
  4469 | D:5      | Killed an ice beast
  4469 | D:5      | Reached skill level 5 in Armour
  4669 | D:5      | Found a staircase to the Ecumenical Temple.
  4674 | Temple   | Entered the Ecumenical Temple
  5093 | D:5      | Reached XP level 8. HP: 41/58 MP: 8/8
  5150 | D:5      | Found a glowing silver altar of Zin.
  5150 | D:5      | Found a blossoming altar of Fedhas.
  5150 | D:5      | Found a radiant altar of Vehumet.
  5151 | D:5      | Found a sparkling altar of Nemelex Xobeh.
  5152 | D:5      | Found a basalt altar of Yredelemnul.
  5154 | D:5      | Found a snail-covered altar of Cheibriados.
  5155 | D:5      | Found a glowing golden altar of the Shining One.
  5178 | D:5      | Became a worshipper of Nemelex Xobeh the Trickster
  5219 | D:5      | Received a gift from Nemelex Xobeh
  5245 | D:6      | Noticed Prince Ribbit
  5258 | D:6      | Killed Prince Ribbit
  5440 | D:6      | Got a faintly humming chain mail
  5451 | D:6      | Identified the +2 chain mail of the Cockroach {-Cast +Inv rPois rF++} (You found it on level 6 of the Dungeon)
  5501 | D:6      | Reached skill level 5 in Shields
  5568 | D:6      | Reached skill level 1 in Evocations
  5753 | D:6      | Noticed Crazy Yiuf
  5765 | D:6      | Killed Crazy Yiuf
  5909 | D:6      | Noticed Sigmund
  5938 | D:6      | Reached skill level 7 in Long Blades
  6245 | D:6      | Reached XP level 9. HP: 63/63 MP: 10/10
  6382 | D:7      | HP: 3/63 [killer bee (5)]
  6382 | D:7      | Slain by a killer bee

Action                   |  1- 3 |  4- 6 |  7- 9 || total
-------------------------+-------+-------+-------++-------
Melee: Long sword        |    75 |   167 |   329 ||   571
Evoke: Deck              |       |       |     1 ||     1
  Use: Scroll            |     1 |     3 |     3 ||     7
       Potion            |     2 |     3 |     3 ||     8
  Eat: Chunk             |     1 |     4 |     9 ||    14
       Bread ration      |       |     1 |       ||     1
